Map: Dusk Towers

Players

msrm

  • Race: Zerg Zerg
  • League: Master

morSellout - Winner!

  • Race: Terran Terran
  • League: Master

VOD

Have the link to the VOD?

Description

Time

  • Played on: Feb. 26, 2016, 9:40 a.m.
  • Length: 4:50
Show
View Real Time Build Order
Export as new Build Order

msrm Zerg 

Build Orders: Hatch First 

Get SALT Encoding   

  12  0:00  Drone  
  13  0:08  Drone  
  14  0:17  Overlord  
  14  0:22  Extractor  
  14  0:23  Drone  
  14  0:26  Extractor  
  13  0:29  Drone  
  17  0:35  Drone  
  17  0:52  Hatchery  
  16  1:05  Spawning Pool  
  16  1:08  Drone  
  16  1:11  Drone  
  16  1:14  Extractor  
  16  1:17  Drone  
  17  1:20  Drone  
  18  1:31  Drone  
  19  1:40  Overlord  
  19  1:52  Queen, Zergling x2  
  22  2:02  Zergling x2  
  22  2:05  Drone  
  24  2:14  Drone  
  25  2:16  Lair  
  25  2:17  Drone  
  26  2:33  Overlord  
  26  2:34  Overlord  
  25  2:46  Drone x2  
  25  2:47  Drone  
  25  2:49  Extractor  
  27  2:54  Queen  
  29  3:03  Zergling x10  
  34  3:20  Zergling x2  
  34  3:21  Queen  
  34  3:25  Nydus Network  
  36  3:37  Baneling Nest, Queen  
  37  4:08  Nydus Canal  
  37  4:12  Zergling x2  
  37  4:13  Zergling x10  
  37  4:14  Overlord x3  
  43  4:29  Nydus Canal  
  37  4:35  Baneling x3  
  37  4:36  Baneling x2  
Show
View Real Time Build Order
Export as new Build Order

morSellout Terran - Winner!

Build Orders: Reaper Expand 

Get SALT Encoding   

  12  0:01  SCV  
  13  0:13  SCV  
  14  0:17  Supply Depot  
  14  0:25  SCV  
  15  0:39  SCV  
  15  0:40  Barracks  
  16  0:44  Refinery  
  16  0:51  SCV  
  17  1:09  SCV  
  18  1:27  Orbital Command  
  18  1:28  Reaper  
  19  1:38  Command Center  
  19  1:48  Supply Depot  
  19  1:53  SCV  
  20  1:59  Marine  
  21  2:04  Factory  
  21  2:10  SCV  
  21  2:13  Refinery  
  22  2:21  Barracks Reactor  
  22  2:23  SCV  
  23  2:35  SCV  
  24  2:52  Orbital Command  
  24  2:53  SCV, Widow Mine  
  24  2:54  Starport  
  24  2:57  Marine x2  
  29  3:05  SCV  
  30  3:16  Marine x2  
  30  3:17  SCV  
  30  3:18  SCV  
  34  3:24  Factory Tech Lab  
  34  3:29  SCV  
  35  3:36  Marine x2  
  35  3:37  Medivac  
  35  3:38  SCV, Bunker  
  35  3:40  Supply Depot  
  40  3:43  Siege Tank  
  40  3:45  SCV  
  44  3:50  SCV  
  44  3:57  SCV  
  44  3:58  Marine  
  44  4:01  Marine  
  47  4:03  Supply Depot  
  47  4:08  SCV  
  48  4:13  Medivac  
  48  4:14  SCV  
  51  4:27  SCV  
  48  4:32  SCV  
Tags
 
Add a new tag
Caveats
  • Supply blocks, unpowered buildings, or Contaminate may cause inaccurate times.
  • Supply counts are checked every 10 seconds.